 Dungeon Crawl Stone Soup version 0.21.0-3-g78d12a8 (webtiles) character file.

582 HungrySpirit the Cudgeler (level 7, -7/44 HPs)
             Began as a Gargoyle Monk on Jan 10, 2018.
             Was a Priest of Okawaru.
             Mangled by Menkaure (18 damage)
             ... on level 4 of the Dungeon.
             The game lasted 00:06:49 (3943 turns).

HungrySpirit the Cudgeler (Gargoyle Monk)           Turns: 3943, Time: 00:06:50

Health: -7/44      AC: 14    Str: 17    XL:     7   Next: 36%
Magic:  6/7        EV: 11    Int: 15    God:    Okawaru [***...]
Gold:   146        SH:  0    Dex: 12    Spells: 6/6 levels left

rFire    . . .     SeeInvis .   a - +0 mace
rCold    . . .     Gourm    .   (no shield)
rNeg     + . .     Faith    .   e - +4 ring mail
rPois    ∞         Spirit   .   (no helmet)
rElec    +         Reflect  .   (no cloak)
rCorr    .         Harm     .   (no gloves)
MR       .....                  (no boots)
Stlth    +.........             (no amulet)
HPRegen  0.14/turn              (no ring)
MPRegen  0.10/turn              (no ring)

@: brilliant
A: negative energy resistance 1, electricity resistance, unbreathing,
petrification resistance, rot immunity, AC +4
a: Heroism, Renounce Religion


You were on level 4 of the Dungeon.
You worshipped Okawaru.
Okawaru was most pleased with you.
You were not hungry.

You visited 1 branch of the dungeon, and saw 4 of its levels.

You collected 146 gold pieces.

Inventory:

Hand Weapons
 a - a +0 mace (weapon)
Armour
 e - a +4 ring mail (worn)
 t - a +0 shield
Jewellery
 h - a cursed -2 ring of strength {unknown}
 r - a cursed ring of loudness {unknown}
Scrolls
 b - 5 scrolls of identify {unknown}
 d - 2 scrolls of teleportation {unknown}
 f - a scroll of fog {unknown}
 k - a scroll of random uselessness {unknown}
 m - 2 scrolls of enchant armour {unknown}
 o - 2 scrolls of remove curse {unknown}
 s - a scroll of blinking {unknown}
 u - a scroll of magic mapping {unknown}
 w - a scroll of noise {unknown}
Potions
 g - 2 potions of brilliance
 j - 2 potions of haste {unknown}
 l - 2 potions of degeneration {unknown}
 n - a potion of heal wounds {unknown}
 p - a potion of curing {unknown}
 q - a potion of flight {unknown}
 v - a potion of lignification {unknown}
Books
 x - a book of Maledictions

   Spells                             Type                      Level
   a - Corona                         Hexes                        1
   b - Ensorcelled Hibernation        Hexes/Ice                    2
   c - Confuse                        Hexes                        3
   d - Tukima's Dance                 Hexes                        3
   e - Dazzling Spray                 Conjuration/Hexes            3
Comestibles
 c - 5 rations
 i - 4 chunks of flesh


   Skills:
 + Level 5.2 Fighting
 * Level 6.2 Maces & Flails
 + Level 3.9 Armour
 - Level 2.4 Dodging
 - Level 2.1 Stealth


You had 6 spell levels left.
You didn't know any spells.

Dungeon Overview and Level Annotations

Branches:
Dungeon (4/15)
 Temple: D:4-7

Altars:
Hepliaklqana
Okawaru
Sif Muna

Annotations:
D:4 exclusion: door, Menkaure


Innate Abilities, Weirdness & Mutations

You are resistant to torment.
Your stone body is resilient. (AC +4)
You are immune to poison.
You resist negative energy. (rN+)
You are resistant to electric shocks. (rElec)
You can survive without breathing.
You are immune to petrification.
You are immune to rotting.


Message History

Menkaure is lightly damaged.
You hit Menkaure but do no damage.
Menkaure is lightly damaged.
Menkaure hits you but does no damage.
You barely miss Menkaure.
Menkaure is lightly damaged.
Menkaure hits you.
You hit Menkaure.
Menkaure is lightly damaged.
You barely miss Menkaure.
Menkaure is lightly damaged.
Menkaure hits you.
* * * LOW HITPOINT WARNING * * *
You hit Menkaure but do no damage.
Menkaure is lightly damaged.
Menkaure closely misses you.
It was a potion of brilliance.
You feel clever all of a sudden.
You feel like a meek peon again. Menkaure hits you!!
You die...

## ###### ... #....## ###
.... #.....## #.. .....
#.†....# #..
......#########.####'#### #..
#()?...M@.÷.#≈§≈.≈≈≈# #..
#...............#≈§....§#####
###.#.......)...#§.≈≈≈.≈#....
.. #...........+.§§≈≈..'....
# #.........).#≈.§≈§§≈#....
#.##.######)#≈§§..§§#.... #.
#.######.#≈§≈.≈§≈##### #>
.........####'####....
.#.######## #....#####


You could see Menkaure.

Vanquished Creatures
  The ghost of Plasmagod the Ruffian, an amateur DrTm of Uskayaw (D:3)
  A howler monkey (D:4)
  A crimson imp (D:3)
  An orc priest (D:3)
  A gnoll shaman (D:4)
  Jessica (D:2)
  An iguana (D:4)
  An orc wizard (D:3)
  2 worker ants (D:4)
  Robin (D:2)
  4 gnolls (D:4)
  5 adders
  3 oozes
  An adder skeleton (D:4)
  3 worms
  2 dart slugs
  A leopard gecko (D:4)
  3 orcs (D:3)
  3 bats
  4 giant cockroaches
  15 goblins
  9 hobgoblins
  9 jackals
  2 quokkas
  4 frilled lizards
  6 kobolds
  4 rats
89 creatures vanquished.

Notes
Turn   | Place    | Note
-------+----------+-------------------------------------------
     0 | D:1      | HungrySpirit the Gargoyle Monk began the quest for the Orb.
     0 | D:1      | Reached XP level 1. HP: 14/14 MP: 1/1
    82 | D:1      | Reached XP level 2. HP: 19/19 MP: 2/2
   254 | D:1      | Reached skill level 1 in Armour
   326 | D:1      | Reached XP level 3. HP: 23/23 MP: 3/3
   874 | D:2      | Noticed Robin
   922 | D:2      | Killed Robin
   949 | D:2      | Reached skill level 4 in Maces & Flails
  1044 | D:2      | Found an iron altar of Okawaru.
  1052 | D:2      | Became a worshipper of Warmaster Okawaru
  1052 | D:2      | Reached * piety under Okawaru
  1052 | D:2      | Reached ** piety under Okawaru
  1158 | D:2      | Reached XP level 4. HP: 22/29 MP: 4/4
  1614 | D:2      | Noticed Jessica
  1625 | D:2      | Killed Jessica
  1697 | D:3      | Noticed Plasmagod's ghost (amateur DrTm)
  1881 | D:3      | Reached XP level 5. HP: 31/33 MP: 5/5
  2672 | D:3      | Reached skill level 5 in Maces & Flails
  2748 | D:3      | Reached XP level 6. HP: 29/39 MP: 6/6
  3085 | D:3      | Killed Plasmagod's ghost
  3237 | D:4      | Reached skill level 5 in Fighting
  3237 | D:4      | Reached XP level 7. HP: 10/44 MP: 5/7
  3579 | D:4      | Found a hazy altar of Hepliaklqana.
  3596 | D:4      | Reached skill level 6 in Maces & Flails
  3675 | D:4      | Found a deep blue altar of Sif Muna.
  3895 | D:4      | Reached *** piety under Okawaru
  3926 | D:4      | Noticed Menkaure
  3943 | D:4      | Mangled by Menkaure

Skill      XL: |  1  2  3  4  5  6  7 |
---------------+----------------------+-----
Armour         | 1 2 3 |  3.9
Maces & Flails | 4 5 6 |  6.2
Fighting       | 4 5 |  5.2
Dodging        | |  2.4
Stealth        | |  2.1

Action                   |  1- 3 |  4- 6 |  7- 9 || total
-------------------------+-------+-------+-------++-------
Melee: Mace              |   121 |   200 |   112 ||   433
Throw: Throwing net      |       |       |     1 ||     1
Invok: Heroism           |       |     2 |     2 ||     4
  Use: Potion            |       |       |     1 ||     1
 Stab: Sleeping          |     3 |     2 |       ||     5
  Eat: Chunk             |     1 |     6 |     3 ||    10
Armor: Ring mail         |    75 |    91 |    69 ||   235
Dodge: Dodged            |   108 |    90 |    78 ||   276
